 Dungeon Crawl Stone Soup version 0.31-a0-876-gfe8ebadbca (webtiles) character file.

Game seed: 3180502188174158868

6 randomguy2701 the Chiller (level 1, -1/17 HPs)
             Began as a Gnoll Wanderer on Oct 14, 2023.
             Slain by a goblin
             ... wielding a +0 dagger
              (2 damage)
             ... on level 1 of the Dungeon.
             The game lasted 00:00:22 (140 turns).

randomguy2701 the Chiller (Gnoll Wanderer)           Turns: 140, Time: 00:00:22

Health: -1/17      AC:  3    Str:  9    XL:     1   Next: 90%
Magic:  4/4        EV: 13    Int: 12    God:
Gold:   0          SH:  0    Dex: 12    Spells: 4/5 levels left

rFire   . . .        a - +0 falchion
rCold   . . .        (no shield)
rNeg    . . .        d - +0 robe
rPois   .            (no helmet)
rElec   .            b - +0 cloak
rCorr   .            (no gloves)
SInv    .            (no boots)
Will    .....        (no amulet)
Stlth   +            (no ring)
HPRegen 0.22/turn    (no ring)
MPRegen 0.09/turn

%: no passive effects
@: no status effects
A: fangs 1, strong nose, distributed training
a: no special abilities


You were on level 1 of the Dungeon.
You visited 1 branch of the dungeon, and saw 1 of its levels.

Inventory:

Hand Weapons
 a - a +0 falchion (weapon)
Armour
 b - a +0 cloak (worn)
 d - a +0 robe (worn)
Scrolls
 c - a scroll of fear
Potions
 e - a potion of lignification {unknown}


   Skills:
 + Level 2.4 Fighting
 + Level 0.2 Short Blades
 + Level 2.4 Long Blades
 + Level 0.2 Axes
 + Level 0.2 Maces & Flails
 + Level 0.2 Polearms
 + Level 0.2 Staves
 + Level 0.2 Ranged Weapons
 + Level 0.2 Throwing
 + Level 2.4 Armour
 + Level 4.4 Dodging
 + Level 0.2 Stealth
 + Level 0.2 Shields
 + Level 0.2 Unarmed Combat
 + Level 2.6 Spellcasting
 + Level 0.1 Conjurations
 + Level 0.1 Hexes
 + Level 0.1 Summonings
 + Level 0.1 Necromancy
 + Level 0.1 Translocations
 + Level 0.1 Transmutations
 + Level 0.1 Fire Magic
 + Level 5.3 Ice Magic
 + Level 0.1 Air Magic
 + Level 0.1 Earth Magic
 + Level 0.1 Poison Magic
 + Level 0.3 Invocations
 + Level 2.4 Evocations
 + Level 0.2 Shapeshifting


You had 4 spell levels left.
You knew the following spells:

 Your Spells              Type           Power      Damage    Failure   Level
a - Freeze                Ice            56%        1d7       2%          1

Your spell library contained the following spells:

 Spells                   Type           Power      Damage    Failure   Level
 Hailstorm                Conj/Ice       8%         3d4       24%         3
 Summon Ice Beast         Ice/Summ       8%         N/A       63%         4


Dungeon Overview and Level Annotations

Branches:
Dungeon (1/15)

Altars:


Innate Abilities, Weirdness & Mutations

You have very sharp teeth.
Your uncanny sense of smell can sniff out nearby items.
Your experience applies equally to all skills.


Message History

You closely miss the hobgoblin. The jackal closely misses you.
The rat bites you but does no damage. The hobgoblin hits you.
* * * LOW HITPOINT WARNING * * *
Your magical contamination has completely faded away.
You hit the jackal.
The jackal is moderately wounded.
The jackal barely misses you. x2
You hit the jackal but do no damage.
The jackal is moderately wounded.
The jackal misses you. The jackal closely misses you.
You barely miss the jackal. Your bite misses the jackal.
The jackal is moderately wounded.
The jackal bites you.
* * * LOW HITPOINT WARNING * * *
You hit the jackal.
You kill the jackal!
The rat bites you but does no damage.
You hit the rat.
The rat is heavily wounded.
The rat barely misses you.
You barely miss the rat. You bite the rat, but do no damage.
The rat is heavily wounded.
The rat barely misses you.
You hit the rat.
You kill the rat!
You closely miss the goblin. You closely miss the frilled lizard.
Your bite misses the frilled lizard. The goblin barely misses you.
You closely miss the quokka. The quokka closely misses you.
The goblin hits you but does no damage. The frilled lizard closely misses you.
The quokka bites you.
* * * LOW HITPOINT WARNING * * *
The goblin hits you but does no damage.
You closely miss the quokka. The frilled lizard closely misses you.
The quokka misses you. The goblin barely misses you.
The frilled lizard closely misses you.
You barely miss the quokka. The quokka bites you.
* * * LOW HITPOINT WARNING * * *
The goblin hits you with a +0 dagger.
You die...

### .... ## #..#####
..∆ ###...†..##.#
........gl..#
.##..###r#### ...
#l@g# . #...# #...#
#...# #...# #...# ##
.~. ♣♣♣...###..
~~~P♣♣~~........
~~~~~~~........P..##


You could see a quokka, a hobgoblin, a goblin and 2 frilled lizards.

Vanquished Creatures
  An endoplasm (D:1)
  2 jackals (D:1)
  A quokka (D:1)
  A rat (D:1)
5 creatures vanquished.

Notes
Turn   | Place    | Note
-------+----------+-------------------------------------------
     0 | D:1      | randomguy2701 the Gnoll Wanderer began the quest for the
                  | Orb.
     0 | D:1      | randomguy2701 set off with the following items: a +0
                  | falchion, a +0 cloak, a scroll of fear, a +0 robe; and the
                  | following spell memorised: Freeze; and the following spells
                  | available to memorise: Hailstorm, Summon Ice Beast.
     0 | D:1      | Reached XP level 1. HP: 17/17 MP: 4/4
   140 | D:1      | Slain by a goblin

Illustrated notes

Levels and vault maps discovered:
D:1:      spicycebolla_arrival_clurvy, layout_loops_cross,
          shapermc_ecumenical_altar_petra, serial_bayou_crossing

Action                     || total
---------------------------++-------
  Melee: Falchion          ||    19
         Bite              ||     2
   Cast: Freeze            ||     3
 Armour: Robe              ||    15
  Dodge: Dodged            ||    31

Table legend: (Time is in decaauts)
 A = Elapsed time spent in this place.
 B = Non-inter-level travel time spent in this place.
 C = Inter-level travel time spent in this place.
 D = Time resting spent in this place.
 E = Time spent auto-exploring this place.
 F = Levels seen in this place.
 G = Mean time per level.
                   A        B        C        D        E       F      G
               +--------+--------+--------+--------+--------+-----+--------+
         Total |    143 |    143 |      0 |      0 |    102 |   1 |  143.0 |
       Dungeon |    143 |    143 |      0 |      0 |    102 |   1 |  143.0 |
               +--------+--------+--------+--------+--------+-----+--------+

Top non-repeatable levels by time:
     D:1: 143 daAuts
